Map: Seething Jungle

Players

TheBURSA

  • Race: Terran Terran
  • League: Gold
  • Spawn Location: 6:00

Anastrea

  • Race: Terran Terran
  • League: Gold
  • Spawn Location: 7:00

Grumm

  • Race: Zerg Zerg
  • League: Gold
  • Spawn Location: 1:00

OgKush

  • Race: Terran Terran
  • Spawn Location: 12:00

VOD

Have the link to the VOD?

Description

Time

  • Played on: Jan. 9, 2016, 3:25 a.m.
  • Length: 17:58
Show
View Real Time Build Order
Export as new Build Order

TheBURSA Terran 

Build Orders: MMM Bio 

Get SALT Encoding   

  12  0:01  SCV  
  13  0:14  SCV  
  14  0:18  Supply Depot  
  14  0:26  Refinery  
  14  0:28  SCV  
  15  0:40  SCV  
  16  0:47  Barracks  
  16  0:52  SCV  
  17  1:03  Refinery  
  17  1:04  SCV  
  17  1:11  Supply Depot  
  18  1:16  SCV  
  19  1:33  Orbital Command  
  19  1:42  Barracks Reactor  
  19  2:03  Command Center  
  19  2:05  SCV  
  20  2:19  Marine, Barracks  
  21  2:25  Marine  
  22  2:34  SCV  
  23  2:39  Factory  
  22  3:03  SCV  
  22  3:04  Barracks  
  23  3:07  Barracks  
  23  3:08  Barracks Tech Lab  
  23  3:11  Marine x2  
  25  3:16  Supply Depot, SCV  
  26  3:25  Command Center  
  26  3:39  Starport  
  26  3:47  Factory Reactor  
  26  3:48  Marine x2  
  26  3:50  Combat Shields  
  28  4:04  SCV  
  29  4:11  Marine x2  
  29  4:12  Barracks Reactor  
  29  4:13  Barracks Tech Lab  
  31  4:28  SCV  
  31  4:31  Marine x2  
  32  4:34  Stimpack  
  32  4:35  Marauder x2  
  38  4:45  SCV  
  39  4:54  Marine x2  
  39  4:55  Marine x2  
  39  4:56  Medivac  
  39  4:57  SCV  
  46  5:00  Refinery  
  46  5:06  Medivac  
  48  5:09  Marine x2  
  48  5:12  SCV  
  51  5:16  Orbital Command  
  51  5:23  Supply Depot  
  51  5:26  Medivac  
  53  5:34  Marine  
  54  5:40  Supply Depot  
  54  5:44  Marine x2  
  54  5:45  SCV x2  
  58  5:55  Marine x2  
  58  5:56  Marauder  
  62  6:01  Supply Depot, SCV  
  62  6:02  Supply Depot  
  63  6:09  Marine x2  
  65  6:11  Marauder  
  67  6:27  Marine  
  67  6:28  Marine x3  
  67  6:29  Marauder  
  67  6:30  SCV  
  67  6:31  SCV  
  67  6:32  Factory Tech Lab  
  75  6:39  Medivac  
  77  6:41  Factory  
  77  6:44  Marauder  
  79  6:55  Supply Depot  
  79  6:56  Supply Depot  
  79  7:01  Engineering Bay  
  79  7:08  Engineering Bay  
  79  7:19  SCV x2  
  81  7:26  Refinery, Marine x3  
  81  7:27  Marine  
  81  7:28  Marauder x2  
  89  7:38  Terran Infantry Armor Level 1, Terran Infantry Weapons Level 1  
  89  7:42  Medivac x2, Factory Tech Lab  
  93  7:52  Marine x5  
  93  7:53  Marauder  
  93  7:55  SCV  
  88  8:18  Marine x5  
  88  8:19  Marauder  
  76  8:31  Siege Tank x2  
  76  8:36  Marine x5  
  76  8:41  Marauder  
  79  8:59  Command Center  
  79  9:07  Barracks  
  74  9:14  Marine  
  74  9:15  Marine x3  
  76  9:26  Medivac x2  
  76  9:31  SCV x2  
  82  9:49  SCV  
  82  9:50  SCV  
  84  10:04  SCV x2  
  84  10:05  Marine x2  
  84  10:06  Marine x2  
  90  10:07  Barracks Reactor  
  90  10:08  Marauder x2  
  94  10:16  Planetary Fortress  
  94  10:27  Refinery, SCV x2  
  96  10:35  Marine  
  96  10:36  Marine x3  
  96  10:38  Siege Tank x2  
  96  10:42  Medivac  
  92  11:12  Marauder, Marine  
  92  11:13  Marauder, Marine x5  
  92  11:15  SCV x2  
  92  11:16  SCV  
  103  11:30  Marine  
  101  11:33  SCV x2  
  101  11:34  Marauder  
  101  11:37  Medivac x2  
  101  11:38  Marine x2  
  101  11:39  Marine x2  
  110  11:40  Marauder  
  110  11:44  Supply Depot  
  110  11:45  Supply Depot  
  110  11:46  SCV  
  113  11:48  Supply Depot  
  106  12:05  Widow Mine  
  106  12:06  Siege Tank  
  89  12:27  Marine  
  89  12:28  Marine x2  
  92  12:32  Medivac x2  
  92  12:35  Siege Tank  
  92  12:53  SCV x3  
  95  13:04  Refinery  
  95  13:09  Command Center  
  95  13:14  SCV x3  
  95  13:15  Marine x5  
  95  13:16  Marine  
  95  13:17  Marauder  
  106  13:27  SCV x2  
  108  13:46  Marine x6  
  108  13:48  Marauder x2  
  118  13:51  SCV  
  78  14:19  Marine x2  
  78  14:20  Marine x4  
  78  14:21  Marauder x2  
  85  14:33  SCV x3  
  80  14:53  Marine x6  
  80  14:54  Marauder  
  80  14:55  Marauder  
  87  15:03  Siege Tank  
  90  15:13  Marine x3  
  90  15:14  Marine x2  
  95  15:22  Marine x3  
  98  15:31  SCV x2  
  98  15:32  SCV x2  
  102  15:41  Marine x4  
  102  15:42  Marine  
  107  15:43  SCV  
  105  16:14  Marine x4  
  105  16:15  Marine x2  
  105  16:16  Marauder x2  
  104  16:23  Medivac x2  
  111  16:25  Siege Tank  
  111  16:32  Marine x3  
  105  16:38  SCV x3  
  105  16:51  Marine x4  
  105  16:52  Marauder x2, Marine x2  
  115  16:56  SCV  
  117  17:04  Planetary Fortress  
  100  17:29  Refinery x2  
  97  17:32  SCV x3  
  106  17:44  SCV x2  
Show
View Real Time Build Order
Export as new Build Order

Anastrea Terran 

Build Orders: MMM Bio 

Get SALT Encoding   

  12  0:01  SCV  
  13  0:14  SCV  
  14  0:22  Supply Depot  
  14  0:26  SCV  
  15  0:38  Refinery  
  15  0:45  Barracks  
  15  0:46  SCV  
  16  0:58  SCV  
  16  1:03  Refinery  
  17  1:10  SCV  
  18  1:23  SCV  
  19  1:40  Factory  
  19  1:43  Orbital Command  
  19  1:44  Reaper  
  20  1:56  Supply Depot  
  20  2:09  Barracks  
  20  2:13  Supply Depot  
  19  2:33  SCV  
  22  2:37  Hellion  
  22  2:43  Supply Depot  
  18  2:52  Engineering Bay  
  18  2:57  SCV  
  19  3:12  Hellion  
  21  3:13  Barracks Reactor  
  21  3:15  Barracks Tech Lab  
  21  3:22  Starport  
  21  3:28  SCV  
  22  3:37  Factory Tech Lab  
  22  3:40  SCV  
  23  3:42  Stimpack  
  23  3:44  Marine  
  24  3:52  SCV  
  25  3:56  Terran Infantry Armor Level 1  
  25  4:02  Marine  
  26  4:03  Liberator  
  26  4:12  SCV  
  29  4:24  SCV  
  19  4:40  SCV  
  20  4:47  Siege Tank  
  20  4:52  SCV  
  24  4:58  Liberator  
  24  5:04  SCV  
  25  5:16  SCV  
  29  5:24  Marine x2  
  31  5:28  Marine, SCV  
  33  5:40  SCV  
  34  5:43  Combat Shields  
  31  6:03  Command Center  
  31  6:06  SCV  
  33  6:18  SCV  
  33  6:20  Marine  
  33  6:21  Marine x2  
  36  6:30  SCV  
  37  6:34  Terran Infantry Weapons Level 1  
  37  6:38  Supply Depot, Marine x2  
  39  6:42  SCV  
  39  6:46  Starport Tech Lab  
  40  6:49  Siege Tank  
  41  6:54  SCV  
  41  6:58  Marine x2  
  41  6:59  Marine  
  45  7:05  Supply Depot  
  45  7:07  SCV  
  43  7:10  Medivac  
  45  7:19  SCV  
  46  7:27  Marine x3  
  49  7:33  SCV  
  48  7:45  Marine, SCV  
  32  8:28  Marine x2  
  32  8:29  Marauder  
  32  8:30  Siege Tank  
  36  8:38  Orbital Command  
  36  8:39  Barracks  
  36  8:40  SCV, Barracks  
  37  8:43  Refinery  
  37  8:45  Medivac  
  37  8:46  Marine x2  
  41  8:50  Marine  
  41  8:52  SCV  
  43  9:03  SCV  
  43  9:04  Marine x2, SCV  
  43  9:08  Marauder  
  49  9:13  Supply Depot  
  49  9:15  Medivac, SCV  
  52  9:20  Siege Tank  
  52  9:22  Marine x2  
  57  9:29  Marine  
  57  9:30  Barracks Reactor x2  
  58  9:33  SCV  
  57  9:39  Marine  
  57  9:40  Refinery  
  57  9:45  SCV  
  59  9:47  Marine x2  
  61  9:57  Marine  
  62  10:05  Marine x2  
  64  10:07  SCV  
  64  10:09  Marine x4  
  69  10:15  Marine  
  69  10:20  Armory, SCV  
  71  10:22  Marine  
  71  10:23  Marauder, SCV  
  71  10:27  Marine x3  
  78  10:30  Marine  
  78  10:32  SCV  
  78  10:33  Marine  
  81  10:40  Marine  
  81  10:42  Supply Depot  
  82  10:44  Marine x2  
  82  10:45  Missile Turret, Marine x2  
  54  11:15  Marine x6  
  54  11:16  Marine  
  59  11:33  Marine x7  
  66  11:44  Command Center  
  66  11:51  Marine x3  
  65  11:58  Marine  
  65  11:59  Marine x3  
  50  12:08  Marine  
  50  12:09  Marine  
  52  12:17  SCV  
  53  12:24  Marine  
  51  12:36  Marine x2  
  51  12:37  Marauder  
  51  12:50  Command Center, SCV  
  52  13:02  SCV  
  53  13:11  Concussive Shells  
  53  13:14  Medivac, SCV  
  53  13:17  Marine x5  
  53  13:18  Marine x2  
  63  13:26  Terran Infantry Weapons Level 2  
  63  13:29  Supply Depot  
  63  13:31  Supply Depot  
  63  13:39  Refinery, Marine x2  
  62  13:44  Medivac  
  43  13:52  Marine x2  
  43  13:53  Marine x3  
  45  13:57  Marine x2  
  47  14:04  Orbital Command  
  47  14:21  Marine x5  
  47  14:22  Marine x2  
  53  14:39  Marine x6  
  53  14:40  Marauder  
  53  14:41  Siege Tank  
  64  14:56  Marine  
  64  14:57  Marine  
  65  15:06  Orbital Command  
  62  15:13  Siege Tank  
  65  15:22  Marine  
  65  15:23  Marine x5  
  65  15:24  Marine  
  71  15:32  SCV  
  70  15:40  Marine x2  
  70  15:41  Marine x2  
  70  15:42  Marine  
  68  15:43  Marauder  
  68  15:44  SCV  
  68  15:46  Marine  
  73  15:51  Medivac  
  73  15:56  SCV  
  76  15:57  Sensor Tower  
  76  15:58  Marine x3  
  76  15:59  Marine  
  80  16:04  Marauder  
  80  16:07  SCV  
  80  16:08  Siege Tank  
  86  16:18  Marine x2  
  86  16:19  Marine x4, SCV  
  86  16:21  Medivac  
  86  16:25  SCV  
  96  16:26  Marauder  
  98  16:36  Marine x2  
  98  16:37  Marine x4, SCV  
  104  16:41  Siege Tank  
  104  16:46  Marine  
  104  16:49  SCV  
  105  17:01  Marine x2, SCV  
  105  17:02  Marine x4  
  105  17:05  Marauder  
  113  17:16  SCV  
  113  17:19  Marine x3  
Show
View Real Time Build Order
Export as new Build Order

Grumm Zerg 

Build Orders: Pool First 

Get SALT Encoding   

  12  0:20  Spawning Pool  
  11  0:24  Drone  
  12  0:31  Overlord  
  12  0:35  Drone  
  13  0:43  Drone  
  14  1:07  Zergling x4  
  14  1:10  Queen  
  18  1:12  Drone  
  19  1:38  Drone x2  
  19  1:39  Hatchery  
  20  1:43  Overlord  
  20  1:59  Extractor  
  20  2:01  Drone  
  20  2:02  Extractor  
  19  2:31  Drone x2  
  20  2:40  Spine Crawler  
  18  3:02  Queen  
  18  3:03  Drone x3  
  18  3:04  Drone x2  
  25  3:10  Drone x3  
  28  3:23  Spine Crawler  
  28  3:24  Drone x3  
  30  3:31  Overlord  
  30  3:36  Metabolic Boost  
  30  3:42  Roach Warren  
  30  3:48  Evolution Chamber  
  28  4:00  Lair  
  28  4:03  Zergling x12  
  34  4:10  Drone  
  35  4:18  Spore Crawler  
  34  4:29  Roach x4  
  34  4:30  Zergling x2  
  43  4:32  Zergling x2  
  44  4:48  Overlord  
  44  4:49  Overlord  
  44  4:53  Zerg Melee Weapons Level 1, Extractor  
  44  4:58  Extractor  
  36  5:00  Glial Reconstitution  
  36  5:05  Drone x2  
  38  5:31  Evolution Chamber  
  38  5:35  Drone x8  
  41  5:36  Drone  
  46  5:47  Drone  
  46  5:48  Drone  
  48  6:10  Spore Crawler  
  47  6:18  Infestation Pit, Roach  
  47  6:19  Roach x6  
  47  6:23  Overlord  
  60  6:33  Burrow  
  60  6:49  Overlord x2  
  60  7:07  Zerg Missile Weapons Level 1  
  60  7:09  Zerg Ground Armor Level 1  
  60  7:16  Overlord x2  
  60  7:18  Drone  
  60  7:19  Drone x8  
  69  7:50  Roach x8  
  82  8:10  Roach x2  
  82  8:11  Roach x3  
  71  8:20  Roach  
  71  8:21  Roach x3  
  71  8:26  Hatchery  
  60  8:44  Roach x4  
  60  8:45  Roach  
  70  9:11  Swarm Host x3  
  70  9:14  Overlord x2  
  85  9:30  Queen  
  87  9:46  Hive  
  87  9:53  Spine Crawler  
  87  9:55  Spore Crawler  
  99  10:07  Roach x2  
  101  10:19  Tunneling Claws  
  101  10:28  Queen  
  101  10:35  Zergling x18  
  109  11:10  Roach  
  102  11:11  Roach x11  
  102  11:12  Roach  
  75  11:37  Roach x7  
  87  12:01  Roach  
  87  12:02  Roach x7  
  103  12:10  Drone  
  103  12:11  Drone x2  
  106  12:32  Overlord x2  
  121  13:02  Drone  
  121  13:03  Drone x4  
  121  13:04  Drone  
  124  13:17  Zergling x2  
  124  13:18  Zergling x10  
  109  14:11  Roach x18  
  104  14:28  Roach x16  
  76  14:57  Drone  
  76  14:58  Roach x9  
  67  15:10  Queen  
  68  15:36  Hatchery  
  67  15:51  Roach x7  
  67  16:03  Roach x5  
  67  16:04  Roach x10  
  81  16:21  Zergling x2  
  81  16:22  Zergling x10  
  85  16:28  Roach x2  
  85  16:36  Zergling x2  
  85  16:37  Zergling x6  
  59  16:52  Zergling x2  
  59  16:53  Zergling x12  
  32  17:17  Drone x6  
  32  17:18  Drone x6, Roach  
  32  17:19  Roach x5  
  37  17:34  Roach x3  
Show
View Real Time Build Order
Export as new Build Order

OgKush Terran 

Build Orders: MMM Bio 

Get SALT Encoding   

  12  0:00  SCV  
  13  0:17  Supply Depot, SCV  
  14  0:29  SCV  
  15  0:40  Refinery  
  15  0:42  Barracks  
  15  0:44  SCV  
  16  0:56  SCV  
  17  1:03  Barracks  
  17  1:08  SCV  
  18  1:20  SCV  
  19  1:29  Barracks  
  19  1:31  Reaper  
  20  1:32  SCV  
  20  1:38  Supply Depot  
  21  1:45  SCV  
  22  1:50  Refinery  
  22  1:51  Reaper  
  23  2:00  SCV  
  24  2:12  SCV  
  25  2:17  Reaper  
  25  2:22  Reaper  
  27  2:24  SCV  
  28  2:43  Reaper  
  28  2:54  Reaper  
  28  3:11  Orbital Command  
  28  3:13  Factory  
  28  3:14  Supply Depot  
  28  3:25  Barracks Tech Lab, Barracks Reactor  
  28  3:36  SCV  
  28  3:39  Supply Depot, Barracks Reactor  
  29  3:46  Stimpack  
  29  3:48  SCV  
  29  3:51  Command Center  
  30  4:00  SCV  
  30  4:01  Factory Tech Lab  
  31  4:06  Starport  
  31  4:09  Supply Depot  
  31  4:22  Marine  
  31  4:23  Marine x4  
  32  4:39  Supply Depot  
  32  4:41  Marine x3  
  32  4:43  Marine  
  36  4:46  Siege Tank  
  36  4:48  Starport Reactor  
  39  4:56  Engineering Bay  
  39  5:01  Marine x2  
  41  5:21  Marine, Siege Tank  
  44  5:25  Factory  
  45  5:39  Viking  
  47  5:53  Missile Turret  
  46  5:59  Marine x2  
  48  6:09  Factory Tech Lab  
  48  6:13  SCV  
  48  6:15  Medivac  
  51  6:25  SCV  
  52  6:29  SCV  
  53  6:32  Refinery  
  53  6:37  SCV  
  54  6:41  SCV  
  54  6:42  Terran Infantry Weapons Level 1  
  55  6:49  SCV  
  55  6:54  SCV  
  57  7:01  SCV  
  58  7:10  Marine x2  
  61  7:25  Engineering Bay  
  61  7:27  Marauder, Concussive Shells  
  61  7:28  Marine x2, Hellion  
  61  7:29  Medivac, Hellion  
  70  7:34  Orbital Command, Supply Depot  
  70  7:35  Supply Depot  
  70  7:39  Supply Depot  
  70  7:46  Marine x2  
  70  7:48  Marauder  
  70  7:50  Hellion  
  70  7:51  Medivac  
  78  8:03  Marine  
  78  8:04  Marine  
  66  8:27  Marine x4  
  59  8:30  Marauder  
  57  8:44  Widow Mine, Marine x2, Siege Tank  
  57  8:45  Marine x2  
  66  8:51  Marauder  
  66  8:52  SCV  
  66  8:54  Refinery  
  69  9:02  Marine x3  
  69  9:03  Marine  
  69  9:04  SCV  
  74  9:13  Marauder  
  74  9:16  SCV, Siege Tank  
  80  9:20  Marine x4  
  84  9:29  Siege Tank  
  87  9:32  Command Center  
  87  9:34  Marine  
  87  9:38  Missile Turret, Marine x3  
  89  9:39  SCV  
  92  9:48  Siege Tank  
  92  9:50  Combat Shields  
  92  9:52  Marine, SCV  
  97  9:56  Marine x2  
  99  10:01  Siege Tank  
  102  10:13  Marine x3  
  102  10:14  Marine x2  
  107  10:29  Medivac  
  107  10:31  Marine  
  107  10:34  Marine x3  
  107  10:35  Medivac  
  115  10:36  Supply Depot  
  115  10:39  Supply Depot  
  114  10:59  Medivac  
  100  11:05  Medivac  
  97  11:23  Orbital Command  
  97  11:26  Refinery  
  91  12:01  Liberator  
  91  12:02  Liberator  
  60  12:16  Marine x5  
  60  12:17  Siege Tank  
  60  12:18  Siege Tank  
  75  12:25  Starport  
  75  12:28  Starport  
  75  12:29  SCV  
  76  12:34  Marine x3  
  76  12:35  Command Center  
  76  12:41  SCV  
  77  12:44  Liberator  
  77  12:50  Siege Tank  
  80  12:53  SCV  
  80  12:57  Refinery  
  81  12:59  Marine x2  
  81  13:00  Marine x3  
  89  13:06  SCV  
  89  13:09  Starport Tech Lab  
  89  13:10  Starport Reactor  
  90  13:17  Marine  
  90  13:18  SCV  
  92  13:22  Siege Tank  
  95  13:29  Factory  
  95  13:30  SCV  
  96  13:36  Marine x5  
  96  13:39  Siege Tank  
  104  13:42  SCV  
  104  13:46  Command Center  
  105  13:54  Marine x5  
  104  14:11  Marine  
  104  14:12  Marine  
  83  14:18  Liberator x2  
  83  14:19  Liberator x2  
  69  14:29  Marine x2  
  69  14:30  Marine x2  
  72  14:31  Marauder  
  72  14:32  Siege Tank  
  72  14:33  Factory Reactor, Widow Mine  
  89  14:41  SCV  
  89  14:43  Fusion Core  
  90  14:47  Marine x2  
  90  14:48  Marine x2  
  96  14:53  Marauder, SCV  
  97  15:01  Liberator  
  97  15:05  Marine, SCV  
  99  15:17  SCV  
  99  15:19  Planetary Fortress  
  103  15:22  Refinery x2  
  103  15:28  Marine x3  
  103  15:29  Marine x2, SCV  
  103  15:31  Hellion x2  
  103  15:33  Advanced Ballistics  
  109  15:46  Marine x2  
  111  15:52  Armory, Hellion  
  55  16:11  Marine x3  
  55  16:12  Marine x2  
  57  16:22  SCV  
  57  16:29  Marine  
  45  16:34  SCV  
  35  16:45  Hellion x2  
  29  17:19  SCV  
  30  17:28  SCV  
  31  17:31  SCV  
  29  17:40  SCV  
Tags
 
Add a new tag
Caveats
  • Supply blocks, unpowered buildings, or Contaminate may cause inaccurate times.
  • Supply counts are checked every 10 seconds.